 Dungeon Crawl Stone Soup version 0.29.0-4-gdea44cf6ec (webtiles) character file.

Game seed: 13007646843911622560

1096 qw the Grappler (level 8, -3/75 HPs)
             Began as a Troll Cinder Acolyte on Sept 1, 2022.
             Was an Elder of Ignis.
             Shot with an arrow by a centaur (7 damage)
             ... on level 6 of the Dungeon.
             The game lasted 00:02:04 (3171 turns).

qw the Grappler (Troll Cinder Acolyte)              Turns: 3171, Time: 00:02:05

Health: -3/75      AC: 11    Str: 25    XL:     8   Next: 10%
Magic:  8/8        EV:  9    Int: 10    God:    Ignis [****..]
Gold:   131        SH:  0    Dex:  5    Spells: 9/9 levels left

rFire   + . .      SeeInvis .     - Unarmed
rCold   . . .      Faith    .   (no shield)
rNeg    . . .      Spirit   .   a - +0 robe
rPois   .          Reflect  .   (helmet restricted)
rElec   .          Harm     .   (no cloak)
rCorr   .          Rampage  .   (gloves unavailable)
Will    .....                   (boots unavailable)
Stlth   +.........              c - amulet of the acrobat
HPRegen 1.02/turn               (no ring)
MPRegen 0.11/turn               (no ring)

@: fiery-armoured
A: large, unfitting armour, claws 3, regeneration 1, shaggy fur 1, tough skin 1
a: Renounce Religion, Fiery Armour, Foxfire Swarm, Rising Flame


You were on level 6 of the Dungeon.
You worshipped Ignis.
Ignis was greatly pleased with you.
You visited 1 branch of the dungeon, and saw 8 of its levels.

You collected 131 gold pieces.


Innate Abilities, Weirdness & Mutations

You are too large for most types of armour.
You have claws for hands.
Your natural rate of healing is unusually fast.
You are covered in fur. (AC +1)
You have tough skin. (AC +1)


   Skills:
 - Level 3.0 Fighting
 - Level 1.0 Throwing
 - Level 1.1 Dodging
 + Level 9.5 Unarmed Combat
 - Level 1.0 Spellcasting
 - Level 2.1 Fire Magic


You had 9 spell levels left.
You didn't know any spells.
Your spell library contained the following spells:

 Spells                   Type           Power      Damage    Failure   Level
 Scorch                   Fire           8%         2d5       22%         2

Inventory:

Missiles
 f - 2 silver boomerangs (quivered)
 j - 2 boomerangs
Armour
 a - a +0 robe (worn)
Jewellery
 c - an amulet of the acrobat (around neck)
Wands
 d - a wand of digging (4)
Scrolls
 g - 2 scrolls of identify
Potions
 b - a potion of might
 e - a potion of curing
 h - 2 potions of resistance
 i - a potion of mutation

Dungeon Overview and Level Annotations

Branches:
Dungeon (8/15)             Temple (0/1) D:4
   Lair: D:8-11

Altars:
Ru

Annotations:
D:4 2 transporters, qw's ghost, amateur TeWr


Message History

The orc hits you but does no damage.
The orc is burned by your cloak of flames.
You kill the orc!
Blork the orc hits you but does no damage.
Blork the orc is burned by your cloak of flames.
Blork the orc is severely wounded.
You closely miss Blork the orc.
Blork the orc is severely wounded.
The centaur shoots an arrow.
The arrow hits you!
You scratch Blork the orc.
Blork the orc is almost dead.
The necrophage hits you but does no damage.
Blork the orc hits you but does no damage.
Blork the orc is burned by your cloak of flames.
Blork the orc is almost dead.
You scratch Blork the orc.
Blork the orc is almost dead.
The centaur shoots an arrow.
The arrow hits you.
Blork the orc hits you but does no damage.
Blork the orc is burned by your cloak of flames.
You kill Blork the orc!
The necrophage closely misses you.
The centaur shoots an arrow.
The arrow hits you.
You hear an angry hiss.
You have reached level 8!
You mangle the necrophage!!
The necrophage is almost destroyed.
The centaur shoots an arrow.
The arrow hits you.
The centaur shoots an arrow.
The arrow hits you. The necrophage hits you.
The necrophage is burned by your cloak of flames.
You destroy the necrophage!
An iguana comes into view.
You claw the centaur!
The centaur is heavily wounded.
The centaur shoots an arrow.
The arrow hits you.
The centaur unwields a +0 shortbow.
The centaur barely misses you. x2
You completely miss the centaur.
The centaur is heavily wounded.
The centaur shoots an arrow.
The arrow hits you!
You die...

#.#¤¤.~~.~~.~.#
#.#¤~¤......~.#
...¤¤~~.~~¤~.#
#......¤....####
.##.~¤¤~.~~~¤......
..¤.¤.¤h....¤.......
#.#.¤.~~)¤~.¤¤..$...
......~@).¤¤........
.l..~~~c_.¤¤¤.......
...........¤¤...... .
#..c....................
..............####......
#............#####....<.
#.......................
..####..........#.......
#................#


You could see a black bear, 2 centaurs and an iguana.

Vanquished Creatures
  Grinder (D:3)
  A water moccasin (D:7)
  A black bear (D:3)
  A phantom (D:5)
  Blork the orc (D:6)
  A kobold brigand (D:3)
  A necrophage (D:6)
  A jelly (D:5)
  2 hounds
  An iguana (D:5)
  Natasha (twice) (D:3)
  6 orc wizards
  A gnoll (D:1)
  An adder (D:4)
  3 dart slugs
  19 orcs
  5 endoplasms
  3 giant cockroaches
  4 goblins
  9 hobgoblins
  4 jackals (D:3)
  4 quokkas
  6 ball pythons
  4 bats
  2 frilled lizards
  9 kobolds
  3 rats
96 creatures vanquished.

Vanquished Creatures (others)
  An orc (D:6)
1 creature vanquished.

Grand Total: 97 creatures vanquished

Notes
Turn   | Place    | Note
-------+----------+-------------------------------------------
     0 | D:1      | qw the Troll Cinder Acolyte began the quest for the Orb.
     0 | D:1      | Reached XP level 1. HP: 22/22 MP: 1/1
     0 | D:1      | 0 ||| qw: Version: 0.1-a-97-g2dd2ca4
     0 | D:1      | 0 ||| qw: Game counter: 4774
     0 | D:1      | 0 ||| qw: Always use a shield: true
     0 | D:1      | 0 ||| qw: God list: Okawaru
     0 | D:1      | 0 ||| qw: Allow faded altars: false
     0 | D:1      | 0 ||| qw: Do Orc after D:15 true
     0 | D:1      | 0 ||| qw: Do second Lair branch before Depths: true
     0 | D:1      | 0 ||| qw: Lair rune preference: random
     0 | D:1      | 0 ||| qw: Plans: Normal
     0 | D:1      | 0 ||| PLANNING D:1-11
   132 | D:1      | 132 ||| Stepping ~*~*~tactically~*~*~ (stealth).
   134 | D:1      | 134 ||| Stepping ~*~*~tactically~*~*~ (stealth).
   169 | D:1      | Reached XP level 2. HP: 29/29 MP: 2/2
   174 | D:1      | 174 ||| Stepping ~*~*~tactically~*~*~ (stealth).
   294 | D:1      | Reached skill level 4 in Unarmed Combat
   365 | D:1      | Reached XP level 3. HP: 36/36 MP: 3/3
   581 | D:1      | Found a faded altar of an unknown god.
   723 | D:1      | 723 ||| READING 2 scrolls labelled FOUCOXA SEAC.
   724 | D:1      | 724 ||| READING 2 scrolls labelled ANA FOSYVVIKH.
   725 | D:1      | 725 ||| DROPPING scroll of amnesia.
   730 | D:2      | 730 ||| STAIRDANCE
   737 | D:2      | 737 ||| STAIRDANCE
   912 | D:2      | 912 ||| Stepping ~*~*~tactically~*~*~ (stealth).
   975 | D:2      | 975 ||| Stepping ~*~*~tactically~*~*~ (outnumbered).
   977 | D:2      | 977 ||| Stepping ~*~*~tactically~*~*~ (outnumbered).
  1176 | D:2      | 1176 ||| READING scroll labelled QOOLLA ENOTTI.
  1179 | D:2      | 1179 ||| DRINKING 2 black potions.
  1180 | D:2      | 1180 ||| READING 5 scrolls of identify.
  1180 | D:2      | 1180 ||| IDENTIFYING smoky yellow potion
  1181 | D:2      | 1181 ||| READING 4 scrolls of identify.
  1181 | D:2      | 1181 ||| IDENTIFYING orange potion
  1182 | D:2      | 1182 ||| READING 3 scrolls of identify.
  1182 | D:2      | 1182 ||| IDENTIFYING lumpy cyan potion
  1183 | D:2      | 1183 ||| READING 2 scrolls of identify.
  1183 | D:2      | 1183 ||| IDENTIFYING smoky purple potion
  1184 | D:2      | 1184 ||| DROPPING potion of brilliance.
  1185 | D:2      | 1185 ||| DROPPING potion of berserk rage.
  1240 | D:3      | 1240 ||| Stepping ~*~*~tactically~*~*~ (stealth).
  1251 | D:3      | 1251 ||| Stepping ~*~*~tactically~*~*~ (outnumbered).
  1403 | D:3      | 1403 ||| Stepping ~*~*~tactically~*~*~ (hiding).
  1416 | D:3      | 1416 ||| Stepping ~*~*~tactically~*~*~ (stealth).
  1419 | D:3      | Noticed Grinder
  1420 | D:3      | 1420 ||| DRINKING potion of curing.
  1420 | D:3      | 1420 ||| (to cure confusion)
  1425 | D:3      | 1425 ||| INVOKING Fiery Armour.
  1426 | D:3      | HP: 5/36 [Grinder (7)]
  1426 | D:3      | HP: 2/36 [Grinder (3)]
  1427 | D:3      | 1427 ||| READING scroll of teleportation.
  1427 | D:3      | Paralysed by Grinder for 3 turns
  1430 | D:3      | Reached skill level 5 in Unarmed Combat
  1430 | D:3      | Reached XP level 4. HP: 6/44 MP: 4/4
  1430 | D:3      | 1430 ||| Stepping ~*~*~tactically~*~*~ (hiding).
  1431 | D:3      | 1431 ||| FLEEEEING.
  1432 | D:3      | 1432 ||| DRINKING potion of heal wounds.
  1434 | D:3      | Noticed Natasha
  1435 | D:3      | 1435 ||| Stepping ~*~*~tactically~*~*~ (hiding).
  1445 | D:3      | Killed Natasha
  1450 | D:3      | 1450 ||| Stepping ~*~*~tactically~*~*~ (stealth).
  1461 | D:3      | 1461 ||| Stepping ~*~*~tactically~*~*~ (stealth).
  1463 | D:3      | 1463 ||| Stepping ~*~*~tactically~*~*~ (stealth).
  1469 | D:3      | 1469 ||| Stepping ~*~*~tactically~*~*~ (stealth).
  1567 | D:3      | 1567 ||| INVOKING Fiery Armour.
  1569 | D:3      | 1569 ||| FLEEEEING.
  1570 | D:3      | 1570 ||| FLEEEEING.
  1571 | D:3      | 1571 ||| FLEEEEING.
  1572 | D:3      | 1572 ||| FLEEEEING.
  1573 | D:3      | 1573 ||| STAIRDANCE
  1591 | D:2      | 1591 ||| UPGRADING to amulet of the acrobat.
  1596 | D:2      | 1596 ||| READING scroll labelled ULAOTT EPOVECI.
  1597 | D:2      | 1597 ||| READING scroll labelled HECOAFULADU.
  1598 | D:2      | 1598 ||| DRINKING 2 dark potions.
  1599 | D:2      | 1599 ||| READING 3 scrolls of identify.
  1599 | D:2      | 1599 ||| IDENTIFYING silvery potion
  1600 | D:2      | 1600 ||| READING 2 scrolls of identify.
  1600 | D:2      | 1600 ||| IDENTIFYING smoky golden potion
  1601 | D:2      | 1601 ||| DROPPING potion of flight.
  1604 | D:3      | 1604 ||| Stepping ~*~*~tactically~*~*~ (hiding).
  1621 | D:3      | HP: 10/44 [Grinder/nerve-wracking pain (14)]
  1622 | D:3      | Killed Grinder
  1623 | D:3      | Reached skill level 7 in Unarmed Combat
  1623 | D:3      | Reached XP level 5. HP: 13/50 MP: 5/5
  1623 | D:3      | Reached XP level 6. HP: 15/59 MP: 6/6
  1654 | D:3      | Noticed Natasha
  1655 | D:3      | 1655 ||| Stepping ~*~*~tactically~*~*~ (stealth).
  1671 | D:3      | 1671 ||| Stepping ~*~*~tactically~*~*~ (stealth).
  1762 | D:3      | 1762 ||| Stepping ~*~*~tactically~*~*~ (outnumbered).
  1765 | D:3      | 1765 ||| Stepping ~*~*~tactically~*~*~ (outnumbered).
  1766 | D:3      | 1766 ||| Stepping ~*~*~tactically~*~*~ (outnumbered).
  1856 | D:3      | 1856 ||| READING 2 scrolls of identify.
  1856 | D:3      | 1856 ||| IDENTIFYING bubbling white potion
  1857 | D:3      | 1857 ||| DROPPING potion of degeneration.
  1869 | D:3      | 1869 ||| READING scroll of teleportation.
  1871 | D:3      | 1871 ||| FLEEEEING.
  1872 | D:3      | 1872 ||| FLEEEEING.
  1873 | D:3      | 1873 ||| FLEEEEING.
  1984 | D:3      | Killed Natasha
  1985 | D:3      | Reached skill level 1 in Throwing
  2193 | D:4      | 2193 ||| STAIRDANCE
  2207 | D:4      | 2207 ||| STAIRDANCE
  2209 | D:3      | 2209 ||| Stepping ~*~*~tactically~*~*~ (outnumbered).
  2212 | D:3      | 2212 ||| Stepping ~*~*~tactically~*~*~ (outnumbered).
  2215 | D:3      | 2215 ||| Stepping ~*~*~tactically~*~*~ (outnumbered).
  2219 | D:3      | 2219 ||| Stepping ~*~*~tactically~*~*~ (outnumbered).
  2257 | D:4      | 2257 ||| STAIRDANCE
  2263 | D:4      | 2263 ||| STAIRDANCE
  2272 | D:3      | Reached XP level 7. HP: 43/66 MP: 7/7
  2410 | D:4      | Found a transporter.
  2412 | D:4      | Noticed qw's ghost (amateur TeWr)
  2511 | D:4      | Reached skill level 8 in Unarmed Combat
  2558 | D:4      | Found a staircase to the Ecumenical Temple.
  2563 | D:4      | 2563 ||| Stepping ~*~*~tactically~*~*~ (stealth).
  2565 | D:4      | 2565 ||| Stepping ~*~*~tactically~*~*~ (hiding).
  2568 | D:4      | 2568 ||| Stepping ~*~*~tactically~*~*~ (hiding).
  2569 | D:4      | 2569 ||| Stepping ~*~*~tactically~*~*~ (hiding).
  2863 | D:4      | Found a transporter.
  2870 | D:4      | 2870 ||| READING scroll labelled HIRUQOHYER.
  2971 | D:4      | 2971 ||| READING scroll labelled PAWE YTEMUNTI.
  3029 | D:5      | Entered Level 5 of the Dungeon
  3042 | D:5      | 3042 ||| Stepping ~*~*~tactically~*~*~ (stealth).
  3043 | D:5      | 3043 ||| Stepping ~*~*~tactically~*~*~ (stealth).
  3047 | D:5      | Reached skill level 3 in Fighting
  3054 | D:5      | 3054 ||| Stepping randomly (stuck).
  3061 | D:5      | You fall into a shaft and drop 3 floors!
  3066 | D:8      | 3066 ||| Stepping ~*~*~tactically~*~*~ (hiding).
  3074 | D:8      | 3074 ||| Stepping ~*~*~tactically~*~*~ (outnumbered).
  3075 | D:8      | 3075 ||| Stepping ~*~*~tactically~*~*~ (outnumbered).
  3133 | D:7      | Reached skill level 9 in Unarmed Combat
  3141 | D:6      | 3141 ||| Stepping ~*~*~tactically~*~*~ (outnumbered).
  3142 | D:6      | 3142 ||| Stepping ~*~*~tactically~*~*~ (outnumbered).
  3143 | D:6      | 3143 ||| Stepping ~*~*~tactically~*~*~ (outnumbered).
  3144 | D:6      | 3144 ||| Stepping ~*~*~tactically~*~*~ (outnumbered).
  3145 | D:6      | 3145 ||| Stepping ~*~*~tactically~*~*~ (outnumbered).
  3147 | D:6      | 3147 ||| Stepping ~*~*~tactically~*~*~ (outnumbered).
  3147 | D:6      | Found a sacrificial altar of Ru.
  3149 | D:6      | Reached skill level 1 in Dodging
  3149 | D:6      | 3149 ||| Stepping ~*~*~tactically~*~*~ (outnumbered).
  3150 | D:6      | 3150 ||| Stepping ~*~*~tactically~*~*~ (outnumbered).
  3151 | D:6      | 3151 ||| Stepping ~*~*~tactically~*~*~ (outnumbered).
  3152 | D:6      | 3152 ||| Stepping ~*~*~tactically~*~*~ (outnumbered).
  3153 | D:6      | 3153 ||| Stepping ~*~*~tactically~*~*~ (outnumbered).
  3153 | D:6      | Noticed Blork the orc
  3154 | D:6      | 3154 ||| Stepping ~*~*~tactically~*~*~ (outnumbered).
  3155 | D:6      | 3155 ||| Stepping ~*~*~tactically~*~*~ (outnumbered).
  3156 | D:6      | 3156 ||| INVOKING Fiery Armour.
  3157 | D:6      | 3157 ||| Stepping ~*~*~tactically~*~*~ (outnumbered).
  3162 | D:6      | HP: 14/67 [Blork the orc/+0 scimitar (7)]
  3163 | D:6      | 3163 ||| DRINKING 2 potions of heal wounds.
  3165 | D:6      | 3165 ||| DRINKING potion of heal wounds.
  3168 | D:6      | Killed Blork the orc
  3168 | D:6      | HP: 13/67 [centaur/arrow (6)]
  3169 | D:6      | Reached XP level 8. HP: 15/75 MP: 8/8
  3170 | D:6      | HP: 4/75 [centaur/arrow (6)]
  3171 | D:6      | Shot with an arrow by a centaur

Levels and vault maps discovered:
D:1:      lightli_arrival_farm, layout_loops_ring,
          ebering_ecumenical_altar_hall, corexii_item_surrounded_by_moat
D:2:      layout_rooms
D:3:      layout_rooms, wad_orctagon, uniq_grinder, uniq_natasha
D:4:      layout_basic, temple_fountains, gammafunk_ghost_mausoleum,
          minmay_box_of_dots
D:5:      layout_basic, minmay_quadrilaterals, uniq_edmund, uniq_menkaure,
          uniq_pikel
D:6:      layout_rooms, mainiacjoe_overflow_large_starburst, abandoned_shop,
          minivault_23, uniq_blork_the_orc
D:7:      statuecave_lemuel, layout_basic, uniq_maggie, uniq_prince_ribbit1
D:8:      layout_basic, lemuel_another_geyser, uniq_amaemon

Skill      XL: |  1  2  3  4  5  6  7 |
---------------+----------------------+-----
Unarmed Combat | 4 5 7 9 |  9.5
Throwing       | 1 |  1.0
Fighting       | 3 |  3.0
Dodging        | 1 |  1.1
Spellcasting   | |  1.0
Fire Magic     | |  2.1

Action                   |  1- 3 |  4- 6 |  7- 9 || total
-------------------------+-------+-------+-------++-------
Melee: Unarmed           |   110 |    97 |    52 ||   259
       Punch             |     1 |     2 |     1 ||     4
Throw: Boomerang         |       |       |    19 ||    19
Invok: Fiery Armour      |     1 |     1 |     1 ||     3
  Use: Scroll            |     8 |     6 |     2 ||    16
       Potion            |     2 |     2 |     2 ||     6
Armor: Robe              |    36 |    27 |    24 ||    87
Dodge: Dodged            |    30 |    59 |    35 ||   124

Table legend:
 A = Non-vault XP
 B = Vault XP
 C = Vault XP percentage of total XP
 D = Non-vault monster count
 E = Vault monster count
 F = Vault count percentage of total count
                 A         B        C        D         E       F
            +---------+---------+-------+---------+---------+-------
      Total |     975 |     592 |  37.8 |      86 |      10 |  10.4
            +---------+---------+-------+---------+---------+-------
        D:1 |      47 |       0 |   0.0 |      20 |       0 |   0.0
        D:2 |      16 |       0 |   0.0 |      10 |       0 |   0.0
        D:3 |     305 |     393 |  56.3 |      34 |       7 |  17.1
        D:4 |      66 |       2 |   2.9 |       9 |       1 |  10.0
        D:5 |     136 |     101 |  42.6 |       3 |       1 |  25.0
        D:6 |     170 |      96 |  36.1 |       5 |       1 |  16.7
        D:7 |     159 |       0 |   0.0 |       1 |       0 |   0.0
        D:8 |      76 |       0 |   0.0 |       4 |       0 |   0.0
            +---------+---------+-------+---------+---------+-------
